 Dungeon Crawl Stone Soup version 0.17.0-28-g6e173f8 (webtiles) character file.

1327 septik the Digger (level 8, -1/41 HPs)
             Began as a Gargoyle Earth Elementalist on Nov 23, 2015.
             Was a Follower of Vehumet.
             Slain by an ogre
             ... wielding a +0 giant club
              (18 damage)
             ... on level 4 of the Dungeon.
             The game lasted 00:16:28 (5114 turns).

septik the Digger (Gargoyle Earth Elementalist)     Turns: 5114, Time: 00:16:28

Health: -1/41      AC:  9    Str: 13    XL:     8   Next: 60%
Magic:  18/18      EV: 12    Int: 17    God:    Vehumet [*.....]
Gold:   264        SH:  0    Dex: 10    Spells: 3 memorised, 14 levels left

rFire  . . .     SeeInvis .     b - 157 stones
rCold  . . .     Clarity  .     l - +0 robe
rNeg   + . .     SustAt   .     (no shield)
rPois  ∞         Gourm    .     o - +1 helmet
rElec  +         Spirit   .     (no cloak)
rCorr  .         Warding  .     (no gloves)
rMut   .         Stasis   .     (no boots)
MR     .....                    (no amulet)
Stlth  ++........               (no ring)
                                (no ring)

@: not resistant to hostile enchantments, unstealthy
A: negative energy resistance 1, electricity resistance, unbreathing,
petrification resistance, rot immunity, AC +5
a: Renounce Religion


You were on level 4 of the Dungeon.
You worshipped Vehumet.
Vehumet was aware of your devotion.
You were not hungry.

You visited 1 branch of the dungeon, and saw 4 of its levels.

You collected 264 gold pieces.

Inventory:

Hand Weapons
 a - a +0 dagger of venom
 h - a +1 dagger of electrocution
 y - a +2 whip of electrocution
Missiles
 b - 157 stones (in hand)
 v - 2 throwing nets
Armour
 l - a +0 robe (worn)
 o - a +1 helmet (worn)
Scrolls
 g - 2 scrolls of fog {unknown}
 p - 3 scrolls of random uselessness {unknown}
 r - a scroll of fear {unknown}
 s - a scroll of remove curse {unknown}
 t - a scroll of identify {unknown}
 u - a scroll of noise {unknown}
Potions
 e - 2 potions of ambrosia {unknown}
 i - 2 potions of curing {unknown}
 k - a potion of agility {unknown}
 q - 3 potions of brilliance {unknown}
 w - a potion of might {unknown}
 x - a potion of flight {unknown}
 z - a potion of poison {unknown}
 A - a potion of magic {unknown}
Books
 c - a book of Geomancy

   Spells                             Type                      Level
   a - Sandblast                      Earth                        1
   b - Stoneskin                      Transmutation/Earth          2
   c - Passwall                       Transmutation/Earth          3
   d - Stone Arrow                    Conjuration/Earth            3
   e - Petrify                        Transmutation/Earth          4
   f - Lee's Rapid Deconstruction     Earth                        5
Miscellaneous
 j - a plain deck of changes
Comestibles
 d - 3 bread rations
 f - a slice of pizza
 m - 3 fruits
 n - a royal jelly


   Skills:
 + Level 0.2 Fighting
 + Level 0.2 Maces & Flails
 + Level 0.2 Armour
 + Level 1.7 Dodging
 - Level 2.1 Stealth
 * Level 6.9 Spellcasting
 + Level 4.9 Conjurations
 - Level 0.7 Transmutations
 + Level 7.0 Earth Magic
 + Level 0.3 Evocations


You had 14 spell levels left.
You knew the following spells:

 Your Spells              Type           Power        Failure   Level  Hunger
a - Sandblast             Erth           ####..       1%          1    None
b - Stoneskin             Trmt/Erth      ###.....     3%          2    None
c - Stone Arrow           Conj/Erth      ####..       3%          3    ##.....


Dungeon Overview and Level Annotations

Branches:
Dungeon (4/15)
 Temple: D:4-7

Altars:
Elyvilon
Nemelex Xobeh
Okawaru
Ru
Vehumet


Innate Abilities, Weirdness & Mutations

You are resistant to torment.
Your stone body is resilient (AC +5).
You are immune to poison.
You resist negative energy.
You are resistant to electric shocks.
You can survive without breathing.
You are immune to petrification.
You are immune to rotting.


Message History

You hit the ogre.
The ogre is severely wounded.
The ogre hits you with a giant club!
* * * LOW HITPOINT WARNING * * *
Your +0 dagger of venom stops dripping with poison.
b - 158 stones (in hand)
Things that are here:
a leather armour; a hand axe The ogre closely misses you.
Casting: Sandblast
Confirm with . or Enter, or press ? or * to list all spells.
Aiming: Sandblast
Press: ? - help, Shift-Dir - straight line, f - ogre
Aim: an ogre, wielding a giant club (heavily wounded)
The rocky blast misses the ogre.
All of the chunks of flesh in your inventory have rotted away.
There is a stone staircase leading down here.
There is an open door here.
The ogre hits you with a giant club!!
You die...

#.....≈≈≈≈≈#
#.....≈###≈##
####......+_'..#
..##.....≈###≈.#
..##.....≈≈≈≈≈.#
..##...........#
..##..........##
..##..........###########
.............>'O@.).....#
..............#########p#
..............# #.#
..............# #.#
##...########## #.####
#...# #######.#..# #...#
#.......#..# #...#
#.#######).# #####
####.#........#


You could see an ogre and a neutral freed slave (wandering).

Vanquished Creatures
  Pikel (D:4)
  Duvessa (D:4)
  2 ogres (D:4)
  Blork the orc (D:4)
  Dowan (D:4)
  2 crimson imps
  3 orc wizards
  An iguana (D:4)
  3 worker ants (D:4)
  4 gnolls
  10 adders
  An ooze (D:3)
  2 worms
  5 giant geckos
  8 orcs
  6 giant cockroaches
  9 goblins
  15 hobgoblins
  6 jackals
  3 quokkas
  5 bats
  3 giant newts (D:1)
  10 kobolds
  4 rats
106 creatures vanquished.

Vanquished Creatures (others)
  An orc (D:4)
1 creature vanquished.

Grand Total: 107 creatures vanquished

Notes
Turn   | Place    | Note
--------------------------------------------------------------
     0 | D:1      | septik the Gargoyle Earth Elementalist began the quest for the Orb.
     0 | D:1      | Reached XP level 1. HP: 10/10 MP: 3/3
   371 | D:1      | Reached XP level 2. HP: 3/15 MP: 0/5
  1048 | D:1      | Reached skill level 4 in Earth Magic
  1158 | D:1      | Reached XP level 3. HP: 19/19 MP: 7/7
  1167 | D:1      | Learned a level 2 spell: Stoneskin
  1171 | D:1      | Learned a level 3 spell: Stone Arrow
  1897 | D:2      | Reached XP level 4. HP: 18/24 MP: 8/8
  1910 | D:2      | Found a sacrificial altar of Ru.
  1924 | D:2      | Reached skill level 1 in Conjurations
  2163 | D:2      | Found a white marble altar of Elyvilon.
  2498 | D:3      | Reached XP level 5. HP: 26/28 MP: 10/10
  2766 | D:3      | Found a radiant altar of Vehumet.
  2776 | D:3      | Became a worshipper of Vehumet
  3218 | D:4      | Reached skill level 5 in Earth Magic
  3366 | D:4      | Noticed an ogre
  3407 | D:4      | Killed an ogre
  3407 | D:4      | Reached XP level 6. HP: 32/32 MP: 8/12
  3547 | D:4      | Noticed Blork the orc
  3567 | D:4      | Killed Blork the orc
  3738 | D:4      | Reached skill level 5 in Spellcasting
  4026 | D:3      | Reached XP level 7. HP: 32/36 MP: 14/14
  4053 | D:4      | Found a sparkling altar of Nemelex Xobeh.
  4114 | D:4      | Noticed a slave
  4115 | D:4      | Noticed a slave
  4135 | D:4      | Noticed a slave
  4135 | D:4      | Noticed a slave
  4136 | D:4      | Noticed Pikel
  4198 | D:4      | Killed Pikel
  4198 | D:4      | Reached skill level 6 in Spellcasting
  4198 | D:4      | Reached XP level 8. HP: 11/41 MP: 8/17
  4519 | D:4      | Found an iron altar of Okawaru.
  4551 | D:4      | Noticed Duvessa
  4551 | D:4      | Noticed Dowan
  4581 | D:4      | Killed Duvessa
  4586 | D:4      | Killed Dowan
  4586 | D:4      | Reached * piety under Vehumet
  4586 | D:4      | Offered knowledge of Freeze by Vehumet.
  4723 | D:4      | Reached skill level 7 in Earth Magic
  4857 | D:4      | Noticed an ogre
  4885 | D:4      | Killed an ogre
  5044 | D:4      | Noticed an ogre
  5114 | D:4      | Slain by an ogre

Action                   |  1- 3 |  4- 6 |  7- 9 || total
-------------------------+-------+-------+-------++-------
Melee: Dagger            |    63 |   256 |    42 ||   361
 Cast: Sandblast         |    42 |    15 |    32 ||    89
 Stab: Sleeping          |     1 |     5 |       ||     6
  Eat: Chunk             |     3 |     7 |     4 ||    14
